AoeStats
← Jeff

Arabia

503558870Analyzed
1v1 RM · 29d ago on Sep 1, 2026· 31m 48s· 2 players
Game mode
Random Map
Map size
Tiny (2 player)
Population
200
Speed
Normal
Resources
Standard
Victory
Conquest
Starting age
Dark Age
Ending age
Imperial Age
RankedLock teamsTeams togetherTeam positionsShared explorationLock speedFull tech treeHidden civsTurbo modeCheats
Victory
Defeat
🇨🇳 Turks · China
1134
+17
🇹🇼 Wu · Taiwan
1148
-17
1521504505
10:30 Feudal Age
8:52 Loom
11:38 Man-at-Arms
22:45 Bloodlines
22:33 Double-Bit Axe
25:20 Castle Age
23:40 Forging
23:43 Gold Mining
23:46 Horse Collar
25:24 Scale Barding Armor
26:05 Husbandry
27:02 Iron Casting
32:20 Chain Barding Armor
Jeff
7:04 Loom
9:37 Feudal Age
10:44 Man-at-Arms
13:06 Double-Bit Axe
16:20 Scale Mail Armor
21:43 Fletching
29:11 Castle Age
29:19 Forging
29:25 Pikeman
30:06 Squires
Connection lost

Rejoining the realm…

Still unreachable

The connection could not be restored.

Session expired

The server has moved on; the page needs a fresh start.